 Dungeon Crawl Stone Soup version 0.17-a0-1533-g2f57bce (webtiles) character file.

283 namelastname112 the Cudgeler (level 6, 0/52 HPs)
             Began as a Draconian Skald on July 16, 2015.
             Slain by a big kobold
             ... wielding a +0 short sword
              (6 damage)
             ... in a sewer.
             The game lasted 00:05:06 (2338 turns).

namelastname112 the Cudgeler (Draconian Skald)      Turns: 2338, Time: 00:05:06

Health: 0/52       AC:  7    Str: 15    XL:     6   Next: 7%
Magic:  7/9        EV: 13    Int: 12    God:
Gold:   102        SH:  0    Dex: 12    Spells: 1 memorised, 8 levels left

rFire  . . .     SeeInvis .     a - +0 mace
rCold  + . .     Clarity  .     (armour unavailable)
rNeg   . . .     SustAt   .     (no shield)
rPois  .         Gourm    .     (helmet restricted)
rElec  .         Spirit   .     (no cloak)
rCorr  .         Warding  .     s - +0 pair of gloves
rMut   .         Stasis   .     (no boots)
MR     .....                    (no amulet)
Stlth  +.........               (no ring)
                                i - ring of protection from cold

@: infused, not resistant to hostile enchantments, very unstealthy
A: unfitting armour, cold-blooded, AC +6
a: no special abilities


You were in a sewer.
You were not hungry.

You visited 1 branch of the dungeon, and saw 3 of its levels.
You also visited: Sewer.

You collected 102 gold pieces.

Inventory:

Hand weapons
 a - a +0 mace (weapon)
Armour
 s - a +0 pair of gloves (worn)
Jewellery
 i - a ring of protection from cold (left hand)
Scrolls
 e - a scroll of amnesia
 f - a scroll of magic mapping {unknown}
 g - a scroll of fog {unknown}
 h - 4 scrolls of identify {unknown}
 j - a scroll of enchant armour {unknown}
 l - a scroll of teleportation {unknown}
 p - 4 scrolls of remove curse {unknown}
 r - a scroll of random uselessness {unknown}
 w - a scroll of recharging {unknown}
 x - a scroll of noise {unknown}
Books
 b - a book of Battle

   Spells                             Type                      Level
   a - Infusion                       Charms                       1
   b - Shroud of Golubria             Charms/Translocation         2
   c - Song of Slaying                Charms                       2
   d - Spectral Weapon                Hexes/Charms                 3
   e - Regeneration                   Charms/Necromancy            3
Comestibles
 c - 2 bread rations
 d - 2 fruits
 k - 2 beef jerkies


   Skills:
 + Level 3.8 Fighting
 * Level 4.6 Maces & Flails
 + Level 3.1 Dodging
 - Level 2.0 Spellcasting
 - Level 2.6 Charms


You had 8 spell levels left.
You knew the following spells:

 Your Spells              Type           Power        Failure   Level  Hunger
a - Infusion              Chrm           #.....       12%         1    ##.....


Dungeon Overview and Level Annotations

Branches:
Dungeon (3/15)

Altars:
Cheibriados
Okawaru
Trog


Innate Abilities, Weirdness & Mutations

Your plain brown scales are hard (AC +6).
Your body does not fit into most forms of armour.
You are cold-blooded and may be slowed by cold attacks.


Message History

You hit the big kobold but do no damage.
The big kobold is heavily wounded.
The big kobold closely misses you.
You thump the big kobold!
The big kobold is severely wounded.
The big kobold barely misses you.
The big kobold hits you with a short sword.
* * * LOW HITPOINT WARNING * * *
You barely miss the big kobold.
The big kobold is severely wounded.
The big kobold hits you with a short sword.
* * * LOW HITPOINT WARNING * * *
You completely miss the big kobold.
The big kobold is severely wounded.
You float gracefully downwards.
The big kobold hits you but does no damage.
You hit the big kobold.
The big kobold is severely wounded.
The big kobold hits you with a short sword.
You die...

≈≈≈≈..≈.≈≈.≈≈≈≈≈≈≈≈≈≈≈≈≈≈≈≈≈≈≈
≈...≈.....≈≈≈≈≈≈≈≈≈≈≈≈≈≈≈≈≈≈#####
≈≈≈.........≈≈....≈...≈≈≈≈≈≈#..#.
........................≈≈≈.#....
.....÷.....................)†)...
...............##...÷.......#....
..†..##.......#####........##..#.
...#####..##...######...#########
.######..#####KK@# ##### ##
#∩..## ##### #####


You could see 2 big kobolds.

Vanquished Creatures
  2 big kobolds (Sewer)
  Jessica (D:3)
  A river rat (Sewer)
  6 adders
  3 giant geckos
  9 bats
  4 goblins
  3 hobgoblins
  6 jackals
  8 kobolds
  2 ball pythons (D:1)
  4 giant newts
  11 rats
60 creatures vanquished.

Notes
Turn   | Place    | Note
--------------------------------------------------------------
     0 | D:1      | namelastname112 the Draconian Skald began the quest for the Orb.
     0 | D:1      | Reached XP level 1. HP: 17/17 MP: 3/3
   223 | D:1      | Reached XP level 2. HP: 19/25 MP: 5/5
   935 | D:2      | Reached skill level 3 in Maces & Flails
   935 | D:2      | Reached XP level 3. HP: 24/30 MP: 6/6
  1097 | D:2      | Found an iron altar of Okawaru.
  1097 | D:2      | Found a snail-covered altar of Cheibriados.
  1316 | D:2      | Found a bloodstained altar of Trog.
  1429 | D:2      | Reached XP level 4. HP: 32/37 MP: 7/7
  1738 | D:3      | Noticed Jessica
  1769 | D:3      | Killed Jessica
  1867 | D:3      | Found a glowing drain.
  1876 | Sewer    | Entered a sewer
  2019 | Sewer    | Noticed a big kobold
  2048 | Sewer    | Killed a big kobold
  2048 | Sewer    | Reached skill level 4 in Maces & Flails
  2048 | Sewer    | Reached XP level 5. HP: 27/45 MP: 8/8
  2265 | Sewer    | Noticed a big kobold
  2265 | Sewer    | Noticed a big kobold
  2265 | Sewer    | Noticed a big kobold
  2319 | Sewer    | Killed a big kobold
  2319 | Sewer    | Reached XP level 6. HP: 19/52 MP: 9/9
  2338 | Sewer    | Slain by a big kobold

Vault maps used:
D:1:      dpeg_arrival_chambers_temple_mockup
D:2:      kennysheep_big_flooded_room, gammafunk_temple_overflow_wave,
          kennysheep_nub, st_stairs_10, bloody_trog
D:3:      portal_sewer_entry_d, ecumenical_altar_1, kennysheep_generic_room_6,
          uniq_jessica, uniq_robin
Sewer:    sewer_minmay_treatment

Action                   |  1- 3 |  4- 6 || total
-------------------------+-------+-------++-------
Melee: Mace              |   133 |   112 ||   245
 Cast: Infusion          |       |     1 ||     1
  Use: Potion            |       |     7 ||     7
       Scroll            |       |     1 ||     1
  Eat: Chunk             |     2 |     3 ||     5
